 Dungeon Crawl Stone Soup version 0.28.0-43-g3370ac3207 (webtiles) character file.

Game seed: 10224153414041117466

1478 rjgbitbgit4bgw the Conjurer (level 8, -3/58 HPs)
             Began as a Gnoll Conjurer on Mar 23, 2022.
             Was a Priest of Sif Muna.
             Slain by a bullfrog zombie (6 damage)
             ... on level 6 of the Dungeon on Mar 25, 2022.
             The game lasted 00:27:46 (6268 turns).

rjgbitbgit4bgw the Conjurer (Gnoll Conjurer)        Turns: 6268, Time: 00:27:46

Health: -3/58      AC:  2    Str:  6    XL:     8   Next: 79%
Magic:  17/17      EV: 18    Int: 19    God:    Sif Muna [***...]
Gold:   325        SH:  0    Dex: 12    Spells: 9/19 levels left

rFire   . . .      SeeInvis .   h - +0 whip
rCold   . . .      Faith    .   (no shield)
rNeg    . . .      Spirit   .   a - +0 robe
rPois   +          Reflect  .   (no helmet)
rElec   .          Harm     .   G - scarf {repulsion}
rCorr   .          Rampage  .   (no gloves)
Will    .....                   (no boots)
Stlth   +++.......              u - amulet of magic regeneration
HPRegen 0.19/turn               p - +4 ring of evasion
MPRegen 0.55/turn               A - ring of poison resistance

@: repel missiles
A: fangs 1, strong nose, distributed training
a: Renounce Religion, Channel Magic, Forget Spell


You were on level 6 of the Dungeon.
You worshipped Sif Muna.
Sif Muna was most pleased with you.
You visited 2 branches of the dungeon, and saw 7 of its levels.

You collected 325 gold pieces.

Inventory:

Hand Weapons
 g - a +0 dagger
 h - a +0 whip (weapon)
 w - a +0 scythe
 C - a +0 great mace
Armour
 a - a +0 robe (worn)
 k - a +0 chain mail
 l - the +0 cloak "Kacwo" {rF++ Regen+ Slay-2 Stlth+}
   (You found it on level 2 of the Dungeon)

   Slay:      It affects your accuracy & damage with ranged weapons and melee
   (-2).
   rF:        It greatly protects you from fire.
   Regen:     It increases your rate of health regeneration.
   Stlth:     It makes you more stealthy.
 s - a +0 scale mail
 y - a +0 leather armour
 G - a scarf of repulsion (worn)
Jewellery
 p - a +4 ring of evasion (left hand)
 q - an amulet of the acrobat
 u - an amulet of magic regeneration (around neck)
 A - a ring of poison resistance (right hand)
 B - a ring of protection from fire
Wands
 t - a wand of flame (24)
 v - a wand of digging (18)
Scrolls
 c - 2 scrolls of fog
 e - 4 scrolls of teleportation
 f - 2 scrolls of identify
 i - 2 scrolls of enchant armour {unknown}
 j - 2 scrolls of vulnerability {unknown}
 n - a scroll of noise {unknown}
 r - 3 scrolls of blinking
 E - a scroll of enchant weapon {unknown}
 F - a scroll of amnesia {unknown}
Potions
 b - 3 potions of might
 d - a potion of degeneration {unknown}
 m - a potion of flight {unknown}
 o - a potion of heal wounds {unknown}
 x - a potion of lignification {unknown}
 z - 2 potions of haste {unknown}
 D - a potion of ambrosia {unknown}


   Skills:
 + Level 3.5 Fighting
 + Level 3.5 Short Blades
 + Level 3.5 Long Blades
 + Level 3.5 Axes
 + Level 3.5 Maces & Flails
 + Level 3.5 Polearms
 + Level 3.5 Staves
 + Level 3.5 Slings
 + Level 3.5 Bows
 + Level 3.5 Crossbows
 + Level 3.5 Throwing
 + Level 3.5 Armour
 + Level 5.9 Dodging
 + Level 5.5 Stealth
 + Level 3.5 Shields
 + Level 3.5 Unarmed Combat
 + Level 6.2 Spellcasting
 + Level 7.7 Conjurations
 + Level 2.9 Hexes
 + Level 2.9 Summonings
 + Level 2.9 Necromancy
 + Level 2.9 Translocations
 + Level 2.9 Transmutations
 + Level 2.9 Fire Magic
 + Level 2.9 Ice Magic
 + Level 2.9 Air Magic
 + Level 2.9 Earth Magic
 + Level 2.9 Poison Magic
 + Level 3.9 Invocations
 + Level 3.5 Evocations


You had 9 spell levels left.
You knew the following spells:

 Your Spells              Type           Power      Damage    Failure   Level
a - Magic Dart            Conj           100%       1d8       1%          1
b - Searing Ray           Conj           70%        2d7       1%          2
c - Fulminant Prism       Conj/Hex       13%        3d9       12%         4
d - Dazzling Flash        Conj/Hex       52%        N/A       3%          3

Your spell library contained the following spells:

 Spells                   Type           Power      Damage    Failure   Level
 Sting                    Tmut/Pois      68%        1d6       3%          1
 Ensorcelled Hibernation  Hex/Ice        34%        N/A       4%          2
 Poisonous Vapours        Pois/Air       34%        N/A       4%          2
 Spider Form              Tmut/Pois      17%        N/A       10%         3
 Iskenderun's Mystic Bla  Conj/Tloc      26%        2d7       12%         4
 Anguish                  Hex/Necr       8%         N/A       32%         4
 Cause Fear               Hex            8%         N/A       32%         4
 Olgreb's Toxic Radiance  Pois           17%        N/A       32%         4
 Dragon Form              Tmut           8%         N/A       100%        7
 Dragon's Call            Summ           8%         N/A       100%        9


Dungeon Overview and Level Annotations

Branches:
Dungeon (6/15)             Temple (1/1) D:5

Altars:
Ashenzari
Cheibriados
Elyvilon
Fedhas
Gozag
Kikubaaqudgha
Makhleb
Nemelex Xobeh
Okawaru
Qazlal
Ru
Sif Muna
Trog
Vehumet
Wu Jian
Xom
Zin
The Shining One

Annotations:
D:6 Dowan, Duvessa


Innate Abilities, Weirdness & Mutations

You have very sharp teeth.
Your uncanny sense of smell can sniff out nearby items.
Your experience applies equally to all skills.


Message History

The bullfrog zombie is moderately damaged.
The bullfrog zombie hits you.
* * * LOW HITPOINT WARNING * * *
You are too injured to fight recklessly!
You are too injured to fight recklessly!
You are too injured to fight recklessly!
You hit the bullfrog zombie.
The bullfrog zombie is moderately damaged.
The bullfrog zombie hits you but does no damage.
You hit the bullfrog zombie.
The bullfrog zombie is moderately damaged.
The bullfrog zombie hits you.
* * * LOW HITPOINT WARNING * * *
You hit the bullfrog zombie.
The bullfrog zombie is heavily damaged.
The bullfrog zombie barely misses you.
You closely miss the bullfrog zombie.
The bullfrog zombie is heavily damaged.
The bullfrog zombie closely misses you. The bullfrog zombie misses you.
You barely miss the bullfrog zombie.
The bullfrog zombie is heavily damaged.
The bullfrog zombie closely misses you.
You hit the bullfrog zombie. Your bite misses the bullfrog zombie.
The bullfrog zombie is heavily damaged.
The bullfrog zombie closely misses you.
You hit the bullfrog zombie but do no damage.
The bullfrog zombie is heavily damaged.
The bullfrog zombie hits you.
* * * LOW HITPOINT WARNING * * *
You hit the bullfrog zombie.
The bullfrog zombie is heavily damaged.
The bullfrog zombie hits you.
* * * LOW HITPOINT WARNING * * *
You hit the bullfrog zombie but do no damage.
The bullfrog zombie is heavily damaged.
The bullfrog zombie completely misses you.
You hit the bullfrog zombie.
The bullfrog zombie is severely damaged.
The bullfrog zombie hits you.
You die...

♣♣♣ ##♣... #.♣.♣ ♣.Z♣ ♣@♣ #...♣
#..♣.. #♣..♣♣♣ ######♣♣...
###########.......♣ ####
...........e######♣ ♣♣♣# #..##
......###############..######...#
...##............................


You could see a bullfrog zombie.

Vanquished Creatures
  Sigmund (D:4)
  A water moccasin (D:3)
  A black bear (D:5)
  2 ice beasts
  A sky beast (D:3)
  2 ogres (D:5)
  A wyvern zombie (D:6)
  A scorpion (D:4)
  A bullfrog zombie (D:6)
  A jelly (D:6)
  2 hounds
  A gnoll shaman (D:5)
  2 orc wizards (D:6)
  A howler monkey skeleton (D:4)
  9 gnolls
  9 adders
  7 river rats (D:5)
  2 white imps (D:6)
  A worm (D:5)
  2 dart slugs
  7 orcs
  3 bats
  7 endoplasms
  5 giant cockroaches
  10 goblins
  9 hobgoblins
  3 jackals
  9 quokkas
  6 ball pythons
  3 frilled lizards
  3 kobolds
  17 rats
130 creatures vanquished.

Vanquished Creatures (others)
  16 fulminant prisms
  2 plants (D:4)
18 creatures vanquished.

Grand Total: 148 creatures vanquished

Notes
Turn   | Place    | Note
-------+----------+-------------------------------------------
     0 | D:1      | rjgbitbgit4bgw the Gnoll Conjurer began the quest for the
                  | Orb.
     0 | D:1      | Reached XP level 1. HP: 13/13 MP: 6/6
   274 | D:1      | Found a faded altar of an unknown god.
   275 | D:1      | Noticed a floating eye
   277 | D:1      | Noticed a shining eye
   277 | D:1      | Noticed an eye of devastation
   277 | D:1      | Noticed a great orb of eyes
   283 | D:1      | Prayed at the altar of an unknown god.
   283 | D:1      | Became a worshipper of Sif Muna the Loreminder
   283 | D:1      | Reached * piety under Sif Muna
   406 | D:1      | Reached XP level 2. HP: 19/19 MP: 5/7
   706 | D:1      | Reached XP level 3. HP: 25/25 MP: 6/9
   768 | D:1      | Reached skill level 5 in Spellcasting
  1666 | D:2      | Learned a level 2 spell: Searing Ray
  1697 | D:2      | Reached skill level 1 in Invocations
  1765 | D:2      | Identified the +0 cloak "Kacwo" {rF++ Regen+ Slay-2 Stlth+}
  1877 | D:2      | Reached skill level 1 in Fighting
  1877 | D:2      | Reached skill level 1 in Short Blades
  1877 | D:2      | Reached skill level 1 in Long Blades
  1877 | D:2      | Reached skill level 1 in Axes
  1877 | D:2      | Reached skill level 1 in Maces & Flails
  1877 | D:2      | Reached skill level 1 in Polearms
  1877 | D:2      | Reached skill level 1 in Staves
  1877 | D:2      | Reached skill level 1 in Slings
  1877 | D:2      | Reached skill level 1 in Bows
  1877 | D:2      | Reached skill level 1 in Crossbows
  1877 | D:2      | Reached skill level 1 in Throwing
  1877 | D:2      | Reached skill level 1 in Armour
  1877 | D:2      | Reached skill level 1 in Shields
  1877 | D:2      | Reached skill level 1 in Unarmed Combat
  1877 | D:2      | Reached skill level 1 in Evocations
  2034 | D:2      | Reached XP level 4. HP: 32/32 MP: 8/11
  2052 | D:2      | Learned a level 4 spell: Fulminant Prism
  2164 | D:3      | Found a stormy altar of Qazlal.
  2503 | D:3      | Reached skill level 1 in Hexes
  2503 | D:3      | Reached skill level 1 in Summonings
  2503 | D:3      | Reached skill level 1 in Necromancy
  2503 | D:3      | Reached skill level 1 in Translocations
  2503 | D:3      | Reached skill level 1 in Transmutations
  2503 | D:3      | Reached skill level 1 in Fire Magic
  2503 | D:3      | Reached skill level 1 in Ice Magic
  2503 | D:3      | Reached skill level 1 in Air Magic
  2503 | D:3      | Reached skill level 1 in Earth Magic
  2503 | D:3      | Reached skill level 1 in Poison Magic
  2586 | D:3      | Noticed a sky beast
  2756 | D:3      | Reached ** piety under Sif Muna
  2970 | D:3      | Reached XP level 5. HP: 37/37 MP: 7/12
  3254 | D:3      | Killed a sky beast
  3255 | D:3      | Reached XP level 6. HP: 19/44 MP: 4/13
  3454 | D:4      | Noticed Sigmund
  3465 | D:4      | Killed Sigmund
  3466 | D:4      | Reached skill level 5 in Dodging
  3596 | D:4      | Found a blossoming altar of Fedhas.
  3621 | D:4      | Reached XP level 7. HP: 50/50 MP: 10/15
  3813 | D:4      | Found a bloodstained altar of Trog.
  4282 | D:5      | Entered Level 5 of the Dungeon
  4307 | D:5      | Found a staircase to the Ecumenical Temple.
  4317 | D:5      | Reached skill level 5 in Stealth
  4330 | Temple   | Entered the Ecumenical Temple
  4749 | D:5      | Reached XP level 8. HP: 57/57 MP: 13/16
  4758 | D:5      | Learned a level 3 spell: Dazzling Flash
  5004 | D:5      | Reached *** piety under Sif Muna
  5316 | D:6      | Found an opulent altar of Gozag.
  5820 | D:6      | Found an iron altar of Okawaru.
  5892 | D:6      | Noticed Duvessa
  5896 | D:6      | Noticed Dowan
  6266 | D:6      | HP: 2/58 [bullfrog zombie (3)]
  6268 | D:6      | Slain by a bullfrog zombie

Illustrated notes

Levels and vault maps discovered:
D:1:      kennysheep_arrival_forest, layout_basic,
          hellmonk_ecumenical_altar_watching_god, nrook_campfire, minivault_27
D:2:      minmay_skewed_foursquare, layout_basic
D:3:      minmay_razor_zed, layout_basic, mainiacjoe_overflow_six_doors_small,
          mrwooster_statue_mirror, grunt_decor_fettered
D:4:      layout_loops_ring, mainiacjoe_overflow_boulevard,
          mainiacjoe_overflow_alcove_4, serial_forest,
          infiniplex_forest_lined_corner, infiniplex_forest_lined_3,
          infiniplex_forest_straight_4, infiniplex_forest_clump_double,
          infiniplex_forest_end_3, infiniplex_forest_lined_room_,
          infiniplex_forest_clump_C, patterned_corridor, uniq_sigmund
D:5:      lemuel_ratsnest, layout_cave_pools, minmay_temple_entry_sparse_star
D:6:      layout_rooms, nicolae_yredelemnul_corpse_copse, grunt_gozag_statues,
          okawaru_altar_gauntlet_db, uniq_duvessa
Temple:   dshaligram_water_room_temple

Skill      XL: |  1  2  3  4  5  6  7  8 |
---------------+-------------------------+-----
Spellcasting   | 5 6 |  6.2
Invocations    | 1 2 3 |  3.9
Fighting       | 1 2 3 |  3.5
Short Blades   | 1 2 3 |  3.5
Long Blades    | 1 2 3 |  3.5
Axes           | 1 2 3 |  3.5
Maces & Flails | 1 2 3 |  3.5
Polearms       | 1 2 3 |  3.5
Staves         | 1 2 3 |  3.5
Slings         | 1 2 3 |  3.5
Bows           | 1 2 3 |  3.5
Crossbows      | 1 2 3 |  3.5
Throwing       | 1 2 3 |  3.5
Armour         | 1 2 3 |  3.5
Shields        | 1 2 3 |  3.5
Unarmed Combat | 1 2 3 |  3.5
Evocations     | 1 2 3 |  3.5
Hexes          | 1 2 |  2.9
Summonings     | 1 2 |  2.9
Necromancy     | 1 2 |  2.9
Translocations | 1 2 |  2.9
Transmutations | 1 2 |  2.9
Fire Magic     | 1 2 |  2.9
Ice Magic      | 1 2 |  2.9
Air Magic      | 1 2 |  2.9
Earth Magic    | 1 2 |  2.9
Poison Magic   | 1 2 |  2.9
Dodging        | 5 |  5.9
Stealth        | 5 |  5.5
Conjurations   | |  7.7

Action                   |  1- 3 |  4- 6 |  7- 9 || total
-------------------------+-------+-------+-------++-------
Melee: Whip              |    10 |       |    28 ||    38
       Bite              |     1 |       |     3 ||     4
       Punch             |       |       |     1 ||     1
 Cast: Magic Dart        |    55 |    98 |   115 ||   268
       Searing Ray       |       |     4 |    10 ||    14
       Fulminant Prism   |       |       |    16 ||    16
       Dazzling Flash    |       |       |     3 ||     3
  Use: Scroll            |     1 |     1 |     4 ||     6
Armor: Robe              |     3 |     1 |     5 ||     9
Dodge: Dodged            |    16 |     9 |    64 ||    89
